 Dungeon Crawl Stone Soup version 0.20.1-1-g8b1a95d (webtiles) character file.

717866 letownia2 the Executioner (level 27, 0/280 HPs)
             Began as a Deep Dwarf Necromancer on Nov 15, 2017.
             Was an Initiate of Gozag.
             Killed by divine providence
             ... invoked by a smoke demon
             ... summoned by a mummy priest
              (10 damage)
             ... on level 3 of the Tomb of the Ancients on Nov 16, 2017.
             The game lasted 05:53:05 (90133 turns).

letownia2 the Executioner (Deep Dwarf Necromancer) Turns: 90133, Time: 05:53:05

Health: 0/280      AC: 48    Str: 28      XL:     27
Magic:  50/53      EV: 20    Int: 29 (30) God:    Gozag
Gold:   2844       SH:  5    Dex: 27      Spells: 15/59 levels left

rFire    + . .     SeeInvis .   a - +9 executioner's axe (vamp)
rCold    + . .     Gourm    .   (shield currently unavailable)
rNeg     + + +     Faith    .   G - +8 crystal plate armour of the Hanged Man {*Corrode rElec rC+ rN+}
rPois    +         Spirit   .   U - +3 hat of Pondering {ponderous, MR+ MP+10 Int+5}
rElec    +         Reflect  +   q - +2 cloak of Immorality {rF+ rN+ Dex+4}
rCorr    .         Harm     .   N - +3 pair of gauntlets of War {Slay+5}
MR       +++++                  D - +2 pair of boots "Napy" {rPois Slay+3}
Stlth    ..........             F - amulet of the Death Scarab {Reflect Fragile Int+4 Dex+10 SH+5 Stlth+}
Regen    0.0/turn               X - +6 ring of strength
MPRegen  0.4/turn               c - +4 ring of slaying

@: silence, corroded, gold aura, very slightly contaminated, non-regenerating,
hasted, very quick
A: damage resistance, heal wounds, rugged brown scales 1, negative energy
resistance 1, sense surroundings 3, strong 1, no regeneration
}: 3/15 runes: decaying, slimy, silver
a: Heal Wounds, Renounce Religion


You were on level 3 of the Tomb of the Ancients.
You worshipped Gozag.
Gozag was most pleased with you.
You were not hungry.

You visited 15 branches of the dungeon, and saw 59 of its levels.
You visited 1 bazaar.
You also visited: Labyrinth, Sewer and Wizlab.

You collected 37480 gold pieces.
You spent 4537 gold pieces at shops.
You paid 30099 gold pieces to Gozag.

Inventory:

Hand Weapons
 a - a +9 vampiric executioner's axe (weapon)
 b - a +4 executioner's axe of freezing
 k - a +2 bardiche of venom
Missiles
 I - 2 throwing nets (quivered)
Armour
 m - the +2 cloak of Elitism {rPois rCorr Int+4}
   (You bought it in a shop on level 2 of the Lair of Beasts)

   It affects your intelligence (+4).
   It protects you from poison.
   It protects you from acid and corrosion.
 q - the +2 cloak of Immorality (worn) {rF+ rN+ Dex+4}
   (You found it on level 3 of the Elven Halls)

   It affects your dexterity (+4).
   It protects you from fire.
   It protects you from negative energy.
 D - the +2 pair of boots "Napy" (worn) {rPois Slay+3}
   (You found it on level 15 of the Dungeon)

   It affects your accuracy and damage with ranged weapons and melee attacks
   (+3).
   It protects you from poison.
 G - the +8 crystal plate armour of the Hanged Man (worn) {*Corrode rElec rC+ rN+}
   (You acquired it in the Vestibule of Hell)

   It protects you from cold.
   It insulates you from electricity.
   It protects you from negative energy.
   It may corrode you when you take damage.
 N - the +3 pair of gauntlets of War (worn) {Slay+5}
   (You bought it in a shop on level 4 of the Vaults)

   It affects your accuracy and damage with ranged weapons and melee attacks
   (+5).
 U - the +3 hat of Pondering (worn) {ponderous, MR+ MP+10 Int+5}
   (You found it on level 1 of the Swamp)

   It affects your intelligence (+5).
   It affects your resistance to hostile enchantments.
   It affects your magic capacity (+10).
 W - the +1 pair of boots "Reskohur" {rN+ rCorr}
   (You bought it in a shop on level 2 of the Lair of Beasts)

   It protects you from negative energy.
   It protects you from acid and corrosion.
Jewellery
 c - a +4 ring of slaying (right hand)
 w - the ring "Rerhyqatri" {rC+ MP+9 Str-3 Int+3 SInv}
   (You found it in a wizard's laboratory)

   [ring of magical power]

   It affects your strength (-3).
   It affects your intelligence (+3).
   It protects you from cold.
   It affects your magic capacity (+9).
   It lets you see invisible.
 F - the amulet of the Death Scarab (around neck) {Reflect Fragile Int+4 Dex+10 SH+5 Stlth+}
   (You bought it in a shop on level 2 of the Lair of Beasts)

   [amulet of reflection]

   It shields you and reflects attacks.
   It affects your intelligence (+4).
   It affects your dexterity (+10).
   It will be destroyed if unequipped.
   It affects your SH (+5).
   It makes you more stealthy.
 S - the ring of Riegeqise {Wiz +Blink rF+ Stlth+}
   (You took it off a yaktaur on level 2 of the Vaults)

   [ring of wizardry]

   It improves your spell success rate.
   It protects you from fire.
   It lets you blink.
   It makes you more stealthy.
 X - a +6 ring of strength (left hand)
Wands
 p - a wand of clouds (5/9)
 r - a wand of disintegration (4/24)
 Y - a wand of paralysis (7/24)
Scrolls
 i - 26 scrolls of identify
 l - 10 scrolls of summoning
 n - 2 scrolls of holy word
 s - 6 scrolls of fear
 t - 8 scrolls of recharging
 v - a scroll of silence
 y - 22 scrolls of teleportation
 z - a scroll of enchant armour
 L - 4 scrolls of fog
 Q - 5 scrolls of magic mapping
 Z - 15 scrolls of remove curse
Potions
 d - 7 potions of lignification
 e - 6 potions of agility
 f - 8 potions of might
 g - 5 potions of curing
 h - 3 potions of ambrosia
 j - 6 potions of brilliance
 o - a potion of resistance
 x - a potion of heal wounds
 A - 15 potions of mutation
 B - 5 potions of haste
 C - 6 potions of cancellation
 E - 3 potions of invisibility
 J - 2 potions of berserk rage
 O - 4 potions of flight
 R - 8 potions of magic
Miscellaneous
 K - a lamp of fire
 P - 2 phantom mirrors
 V - a phial of floods
Comestibles
 H - 2 bread rations
 M - 2 royal jellies


   Skills:
 + Level 20.9 Fighting
 - Level 26.6 Axes
 - Level 21.6 Armour
 - Level 16.3 Dodging
 - Level 2.4 Stealth
 - Level 16.8 Spellcasting
 - Level 3.0 Conjurations
 - Level 5.2 Hexes
 + Level 8.1 Charms
 - Level 17.0 Necromancy
 - Level 3.1 Translocations
 - Level 10.8 Transmutations
 - Level 2.2 Fire Magic
 - Level 11.6 Air Magic
 - Level 2.7 Poison Magic
 - Level 6.5 Evocations


You had 15 spell levels left.
You knew the following spells:

 Your Spells              Type           Power        Failure   Level  Hunger
a - Pain                  Necr           ####         0%          1    None
b - Blink                 Tloc           N/A          8%          2    None
c - Conjure Flame         Conj/Fire      #####...     19%         3    None
d - Dispel Undead         Necr           #######.     1%          5    None
e - Mephitic Cloud        Conj/Pois/Air  ######..     4%          3    None
f - Flame Tongue          Conj/Fire      #####        6%          1    None
i - Ignite Poison         Fire/Tmut/Pois ######..     6%          3    None
l - Song of Slaying       Chrm           ######..     1%          2    None
p - Poisonous Vapours     Pois/Air       ######       1%          2    None
r - Deflect Missiles      Chrm/Air       ######....   43%         6    ###....
s - Swiftness             Chrm/Air       ######..     1%          2    None
t - Shroud of Golubria    Chrm/Tloc      ######....   2%          2    None
v - Vampiric Draining     Necr           #######...   1%          3    None
x - Spectral Weapon       Hex/Chrm       ######..     3%          3    None
z - Summon Butterflies    Summ           ###.....     19%         1    None
S - Silence               Hex/Air        ######....   16%         5    None


Dungeon Overview and Level Annotations

Branches:
Dungeon (15/15)            Temple (1/1) D:4            Lair (6/6) D:10
  Swamp (4/4) Lair:3        Snake (1/4) Lair:4        Slime (5/5) Lair:6
    Orc (2/2) D:9             Elf (3/3) Orc:2        Vaults (5/5) D:14
  Crypt (3/3) Vaults:3       Tomb (3/3) Crypt:3      Depths (5/5) D:15
   Hell (1/1)                 Dis (0/7) Hell            Geh (4/7) Hell
    Coc (0/7) Hell            Tar (0/7) Hell            Zot (1/5) Depths:5

Altars:
Cheibriados
Elyvilon
Fedhas
Gozag
Hepliaklqana
Kikubaaqudgha
Makhleb
Nemelex Xobeh
Okawaru
Qazlal
Ru
Trog
Vehumet
Yredelemnul
Zin
The Shining One
Beogh
Jiyva

Shops:
D:7 [?   D:11 =[((   D:12 *   D:14 *   Orc:2 [*(:   Elf:2 ?   Elf:3 (
Lair:2 [(==***[([[([   Vaults:4 [=?(?   Vaults:5 [   Hell [*[   Depths:2 *
Depths:5 =

Portals:
Hell: Depths:1 Depths:2 Depths:3 Depths:4 Depths:5
Abyss: Depths:1 Depths:4 Depths:5
Pandemonium: Depths:3 Depths:4
Ziggurat: Depths:2

Annotations:
D:14 exclusion: Roxanne, Roxanne
Elf:2 3 runed doors
Vaults:3 Mara


Innate Abilities, Weirdness & Mutations

You are resistant to damage.
You can heal yourself by infusing magical energy.
You resist negative energy. (rN+)
You passively map a large area around you.
You do not regenerate.
You are partially covered in rugged brown scales. (AC +1, +3% HP)
Your muscles are strong. (Str +2)


Message History

* * * LOW HITPOINT WARNING * * *
Unknown command.
Unknown command.
Unknown command.
You slash the smoke demon!
The smoke demon is severely wounded.
You open the mummy priest like a pillowcase!!!
You destroy the mummy priest!
You feel extremely nervous for a moment...
You convulse helplessly as pain tears through your body!
* * * LOW HITPOINT WARNING * * *
Your corrosive artefact corrodes you!
Unknown command.
Unknown command.
You feel better.
The ice devil is no longer distracted by gold.
The smoke demon gestures at you. Something smites you!
You die...
Your body crumbles into a pile of gold.

**,}[$$$....##......#*,,$$$
**,[|)}$(.$?..#WWZ...#,...$,
**,,=|[$$......#zWz...#W...$,
**,,,::$$.....!.z.MMMnzZZ...$$
*,,,,:$$$..^..MM#..4..M#z,,,,$
*,,$$$$$....$$4M#MMMMM3#,,,,,,
*,$$$$$.......$##.MsM4.#*,,,,,
*$$$$......^3$.##zMM3M.#*,,,,,
*,$$,......$$@##MMMsMWZ.#*,,,,
**$,,.)....$<##.MMM...Z..#*<,,
*,,,.$.....##.M.zM.8.....#*,,
***,......#*..z...s.......**,
**#....#*,,,,,,,,,,,,,,,,**
##'##*,,,,,,,,,,,,,,,,,,*
**#..,,,,,,,,,,,,,,,,,,,,,,
***,..,,,,,,,,,,,,,,,,,,,,,,,
*,,,,,,,,,,,,,,,,,,,,,,,,,,,,


You could see a skeletal warrior, 3 guardian mummies, an ice devil, a freezing
wraith, a smoke demon, a hungry ghost and a flying skull.

Vanquished Creatures
  the Royal Jelly (Slime:5)
  Dissolution (Slime:2)
  Mennas (Vaults:2)
  10 ancient liches
  2 juggernauts
  31 greater mummies
  Boris (Vaults:4)
  Xtahua (Vaults:2)
  Geryon (Hell)
  5 caustic shrikes
  Jory (Vaults:4)
  A profane servitor (Depths:1)
  5 golden dragons
  A mutant beast (WizLab)
  6 liches
  2 Brimstone Fiends
  A hellephant (Hell)
  4 tentacled monstrosities
  A shard shrike skeleton (Crypt:2)
  2 quicksilver dragons (Vaults:5)
  10 titans
  A deep elf blademaster (Elf:3)
  A deep elf master archer (Elf:3)
  15 acid blobs
  Asterion (Vaults:3)
  17 sphinxes
  A death cob (Zot:1)
  Gastronok (Lair:3)
  Frances (Snake:1)
  11 ancient champions
  9 shadow dragons
  2 thorn hunters
  4 tengu reavers
  18 azure jellies
  4 storm dragons (Vaults:5)
  5 revenants
  7 fire giants
  Donald (Swamp:2)
  10 deep elf sorcerers
  13 frost giants
  2 balrugs
  6 iron dragons
  17 vault wardens
  8 deep elf elementalists
  Louise (Elf:3)
  3 draconian stormcallers
  A draconian annihilator (Depths:5)
  3 curse skulls (Crypt:3)
  23 stone giants
  4 ghouls
  A caustic shrike skeleton (Crypt:1)
  4 reapers
  34 very ugly things
  17 ironheart preservers
  6 war gargoyles
  2 entropy weavers (Depths:4)
  3 green draconians (Zot:1)
  6 bennus
  2 purple draconians (Depths:5)
  8 deep elf demonologists
  10 deep elf annihilators
  11 vampire knights
  5 spark wasps (Depths:3)
  2 pearl dragon zombies (Depths:1)
  4 black draconians
  2 yellow draconians (Depths:5)
  A white draconian (Zot:1)
  21 ettins
  4 blizzard demons (Hell)
  A merfolk javelineer (Depths:2)
  A quicksilver dragon zombie (Crypt:3)
  3 eidola
  A merfolk impaler (Depths:2)
  11 fire dragons
  10 jiangshi
  12 death oozes
  21 mummy priests
  5 deep elf high priests
  Josephine (Orc:1)
  10 deep elf death magi
  A minotaur (Lab)
  20 great orbs of eyes
  A quicksilver dragon skeleton (Geh:2)
  22 yaktaur captains
  A kraken zombie (Hell)
  28 vault guards
  6 naga warriors (Snake:1)
  19 ice dragons
  22 hydras
  9 rakshasas
  5 spriggan air magi
  23 centaur warriors
  2 ghost crabs
  A catoblepas (Lair:4)
  An anaconda (shapeshifter) (Vaults:5)
  20 ogre magi
  2 anacondas (Snake:1)
  36 death scarabs
  13 alligators
  4 death knights
  2 two-headed ogres (shapeshifter)
  7 death yaks
  49 two-headed ogres
  12 deep troll earth magi
  8 deep troll shamans
  10 hell hogs
  3 tengu warriors (Depths:3)
  14 vampire magi
  11 spriggan berserkers
  Urug (D:11)
  5 orc high priests
  A titan zombie (Crypt:3)
  A shock serpent (shapeshifter) (WizLab)
  5 soul eaters
  3 iron golems
  3 shock serpents (Snake:1)
  5 iron trolls
  A naga sharpshooter (Snake:1)
  17 deep elf knights
  7 sun demons
  A spark wasp zombie (Depths:4)
  27 hell knights
  2 titan skeletons
  3 shadow wraiths
  A sixfirhy (Depths:3)
  3 unseen horrors
  A storm dragon skeleton (Crypt:3)
  2 death drakes (shapeshifter)
  An anaconda zombie (Hell)
  A shambling mangrove (Swamp:4)
  A deep troll (shapeshifter) (Depths:4)
  2 gelid demonspawn (Depths:3)
  37 skeletal warriors
  A lindwurm (shapeshifter) (D:15)
  An unseen horror (shapeshifter) (Vaults:5)
  8 swamp dragons (Swamp:4)
  32 deep trolls
  9 flayed ghosts
  3 swamp dragons (shapeshifter)
  9 wizards
  An orange crystal statue (Depths:2)
  10 glowing orange brains
  A shadow dragon zombie (Tomb:1)
  15 deep elf archers
  2 naga ritualists (Snake:1)
  26 phantasmal warriors
  16 orc knights
  14 ironbrand convokers
  Pikel (D:6)
  An anaconda skeleton (Geh:3)
  A golden dragon skeleton (Crypt:3)
  17 necromancers
  44 ugly things
  A harpy (shapeshifter) (Vaults:2)
  A stone giant zombie (Vaults:2)
  2 shadow dragon skeletons
  6 wolf spiders
  A mana viper (shapeshifter) (Depths:4)
  2 iron dragon zombies
  2 wolf spider zombies
  3 mana vipers (Snake:1)
  A wolf spider (shapeshifter) (Depths:3)
  A faun (shapeshifter) (Vaults:2)
  54 deep elf magi
  6 orc sorcerers
  A frost giant zombie (Tomb:1)
  5 shining eyes
  3 moths of wrath (Zot:1)
  A salamander (shapeshifter) (Vaults:4)
  An elephant (shapeshifter) (Vaults:5)
  10 cyclopes
  A moth of wrath (shapeshifter) (Vaults:5)
  3 fire giant zombies
  9 oklob plants
  2 salamanders
  2 shining eyes (shapeshifter)
  3 fire giant skeletons
  4 frost giant skeletons
  2 iron dragon skeletons
  11 black mambas
  A dire elephant zombie (Crypt:3)
  6 elephants (Lair:4)
  5 eyes of devastation
  A guardian serpent (shapeshifter) (Vaults:3)
  Joseph (D:7)
  An orange demon (Depths:3)
  4 apis skeletons (Depths:1)
  19 vault sentinels
  9 gargoyles
  10 rust devils
  3 naga magi (Snake:1)
  A stone giant skeleton (Geh:1)
  14 smoke demons
  2 ice statues
  7 large abominations (WizLab)
  12 spiny frogs
  A catoblepas zombie (Hell)
  3 molten gargoyles
  A dire elephant skeleton (Crypt:3)
  An elephant slug zombie (Crypt:2)
  A torpor snail (shapeshifter) (Depths:4)
  3 rime drakes
  Psyche (D:8)
  8 hellions
  2 spiny frogs (shapeshifter)
  8 komodo dragons
  A komodo dragon (shapeshifter) (WizLab)
  A catoblepas skeleton (Geh:1)
  A demonic crawler (Hell)
  A yaktaur (shapeshifter) (WizLab)
  2 rime drakes (shapeshifter) (WizLab)
  A sea snake skeleton (Crypt:2)
  17 red devils
  12 freezing wraiths
  A yellow draconian skeleton (Crypt:1)
  3 efreet
  54 yaktaurs
  38 guardian mummies
  3 hydra zombies
  A merfolk (shapeshifter) (Vaults:4)
  2 meliai (shapeshifter)
  4 ice devils (Hell)
  A tengu conjurer (D:14)
  9 meliai
  6 trolls
  5 polar bears
  A jumping spider (shapeshifter) (Vaults:4)
  18 hornets
  A harpy skeleton (Hell)
  3 trolls (shapeshifter) (WizLab)
  9 tyrant leeches
  A wolf spider simulacrum (D:14)
  14 bog bodies
  3 hornets (shapeshifter)
  A minotaur skeleton (Crypt:3)
  A raiju (shapeshifter) (WizLab)
  A tarantella zombie (Crypt:1)
  Grinder (D:3)
  8 blink frogs
  A tyrant leech (shapeshifter) (Vaults:3)
  An ettin zombie (Vaults:5)
  A snapping turtle (shapeshifter) (Depths:4)
  A dream sheep (Lair:6)
  11 hippogriffs
  A hippogriff (shapeshifter) (WizLab)
  3 alligator zombies (Hell)
  An ice dragon zombie (Tomb:1)
  53 flying skulls
  109 slime creatures
  A redback (shapeshifter) (Vaults:3)
  4 ettin skeletons
  A wyvern (D:9)
  17 wraiths
  10 shadows
  An ice dragon skeleton (Hell)
  7 redbacks
  11 water elementals
  A black mamba skeleton (Crypt:3)
  A black mamba zombie (Geh:2)
  8 vampires
  9 ushabtiu
  A yak (shapeshifter) (WizLab)
  51 yaks
  17 spriggans
  3 hogs (D:7)
  A human (shapeshifter) (WizLab)
  5 air elementals
  Grum (D:8)
  7 golden eyes
  A steam dragon (D:9)
  6 basilisks
  15 fire elementals
  A hog (shapeshifter) (WizLab)
  A human (D:7)
  16 vampire mosquitoes
  2 hungry ghosts
  A basilisk (shapeshifter) (WizLab)
  3 human simulacra
  5 small abominations (WizLab)
  20 swamp worms
  A swamp worm (shapeshifter) (Depths:1)
  6 wargs
  9 nagas
  6 insubstantial wisps (Swamp:4)
  An acid dragon (D:11)
  3 spiny frog zombies
  15 water moccasins
  7 floating eyes
  13 hell hounds
  A monstrous demonspawn skeleton (Crypt:2)
  Duvessa (D:7)
  12 swamp drakes
  A water nymph skeleton (Crypt:2)
  2 snapping turtle zombies
  12 porcupines
  8 sky beasts
  3 black bears (Lair:6)
  7 ice beasts
  5 phantoms
  2 hornet zombies
  An eye of draining (shapeshifter) (WizLab)
  4 slaves (D:6)
  2 black bears (shapeshifter)
  An alligator simulacrum (Crypt:1)
  68 orc warriors
  11 boggarts
  6 eyes of draining
  44 wolves
  60 ogres
  6 necrophages
  A wolf (shapeshifter) (WizLab)
  24 centaurs
  An elf skeleton (Vaults:4)
  A manticore skeleton (Geh:3)
  16 crocodiles
  A swamp dragon skeleton (Crypt:1)
  A big kobold (shapeshifter) (WizLab)
  18 bullfrogs
  7 big kobolds
  An elf zombie (Geh:3)
  A hippogriff skeleton (Crypt:2)
  An octopode zombie (Crypt:2)
  3 earth elementals
  A glowing shapeshifter simulacrum (Vaults:3)
  A wyvern skeleton (D:12)
  A water moccasin zombie (D:9)
  4 scorpions
  Dowan (D:7)
  6 killer bees
  An elf simulacrum (Vaults:3)
  A killer bee (shapeshifter) (Depths:5)
  40 wights
  8 electric eels
  10 howler monkeys
  A quasit (D:7)
  5 centaur zombies
  8 crimson imps
  11 human zombies
  2 bullfrog skeletons
  7 centaur skeletons
  7 hounds
  2 jellies
  24 orc priests
  A demonspawn skeleton (Crypt:2)
  9 worker ants
  6 iguanas
  5 human skeletons
  29 orc wizards
  An ogre zombie (Crypt:1)
  A centaur simulacrum (D:11)
  2 bullfrog simulacra (D:11)
  A crocodile zombie (Crypt:1)
  2 hound skeletons
  41 mummies
  A gnoll (D:10)
  2 worker ant zombies
  13 adders
  A river rat (D:3)
  4 shadow imps
  2 white imps
  An ufetubus (D:11)
  2 oozes
  An adder zombie (D:8)
  A halfling skeleton (Crypt:1)
  A worm (Sewer)
  2 dart slugs
  10 leopard geckos
  149 orcs
  4 ball pythons (Sewer)
  A bat zombie (Crypt:2)
  5 giant cockroaches
  9 goblins
  2 hobgoblins (D:1)
  9 jackals
  3 quokkas (D:8)
  A ball python skeleton (Crypt:1)
  12 bats
  5 frilled lizards
  23 kobolds
  A kobold skeleton (Geh:1)
  An orc zombie (D:14)
  A quokka skeleton (D:9)
  3 quokka zombies
  6 rats
  6 fungi
  6 plants
  2 tentacles (Hell)
3013 creatures vanquished.

Vanquished Creatures (collateral kills)
  A centaur (Vaults:1)
1 creature vanquished.

Vanquished Creatures (others)
  2 ancient champions (Tomb:2)
  2 eldritch tentacles
  A frost giant (Vaults:5)
  A bennu (Tomb:2)
  A great orb of eyes (Vaults:1)
  A fire dragon (Vaults:4)
  An alligator (Swamp:4)
  An ogre mage (Vaults:1)
  6 dancing weapons
  A hell hog (Depths:1)
  A deep elf knight (Elf:1)
  A shadow wraith (Vaults:4)
  A cyclops (Vaults:1)
  A yaktaur (Vaults:4)
  2 guardian mummies (Tomb:2)
  2 slime creatures (Depths:4)
  5 flying skulls (Tomb:1)
  2 vampires (Vaults:3)
  A small abomination (WizLab)
  A wight (Geh:3)
  2 mummies (Tomb:2)
  A worm (D:5)
  3 orcs
  A kobold (D:14)
  2 briar patches (Swamp:4)
  19 fungi
  11 plants
  2 tentacles (Hell)
  41 withered plants (Crypt:3)
116 creatures vanquished.

Grand Total: 3130 creatures vanquished

Notes
Turn   | Place    | Note
-------+----------+-------------------------------------------
     0 | D:1      | letownia2 the Deep Dwarf Necromancer began the quest for the Orb.
     0 | D:1      | Reached XP level 1. HP: 15/15 MP: 3/3
    38 | D:2      | Found an iron altar of Okawaru.
   344 | D:2      | Reached XP level 2. HP: 22/22 MP: 3/5
   388 | D:2      | Reached skill level 5 in Necromancy
   534 | D:3      | Found a glowing drain.
   551 | D:3      | Reached XP level 3. HP: 15/28 MP: 0/6
   565 | D:3      | Learned a level 3 spell: Vampiric Draining
   888 | Sewer    | Entered a sewer
   938 | Sewer    | Reached XP level 4. HP: 24/36 MP: 2/7
  1122 | Sewer    | Noticed a big kobold
  1141 | Sewer    | Killed a big kobold
  1141 | Sewer    | Reached XP level 5. HP: 37/42 MP: 0/9
  1205 | Sewer    | Reached skill level 1 in Armour
  1392 | Sewer    | Reached XP level 6. HP: 44/49 MP: 1/10
  2101 | D:4      | Reached XP level 7. HP: 35/55 MP: 3/11
  2494 | D:4      | Found a staircase to the Ecumenical Temple.
  2504 | Temple   | Entered the Ecumenical Temple
  2522 | Temple   | Became a worshipper of Gozag Ym Sagoz the Greedy
  2557 | D:4      | Learned a level 3 spell: Conjure Flame
  3007 | D:3      | Learned a level 1 spell: Flame Tongue
  3040 | D:3      | Reached skill level 1 in Conjurations
  3040 | D:3      | Reached skill level 1 in Fire Magic
  3060 | D:3      | Found a glowing golden altar of the Shining One.
  3064 | D:3      | Noticed Grinder
  3073 | D:3      | Paralysed by Grinder for 2 turns
  3470 | D:2      | Found a hazy altar of Hepliaklqana.
  4382 | D:5      | Entered Level 5 of the Dungeon
  5141 | D:6      | Reached skill level 1 in Fighting
  5214 | D:6      | Noticed Pikel
  5289 | D:6      | Reached XP level 8. HP: 50/66 MP: 1/14
  5328 | D:6      | Found a blossoming altar of Fedhas.
  5719 | D:7      | Noticed Duvessa
  5719 | D:7      | Noticed Dowan
  5856 | D:7      | Killed Dowan
  5860 | D:7      | Killed Duvessa
  5860 | D:7      | Reached skill level 5 in Spellcasting
  6113 | D:7      | Noticed Joseph
  6288 | D:7      | Gained mutation: You passively map the area around you. [Deep Dwarf growth]
  6288 | D:7      | Reached XP level 9. HP: 68/76 MP: 6/18
  6489 | D:7      | Killed Joseph
  6589 | D:7      | Found Hituph's Magic Scroll Boutique.
  6653 | D:7      | Reached skill level 5 in Evocations
  6777 | D:7      | Bought a scroll of teleportation for 33 gold pieces
  7071 | D:8      | Found a snail-covered altar of Cheibriados.
  7073 | D:8      | Found a bloodstained altar of Trog.
  7073 | D:8      | Found a sacrificial altar of Ru.
  7140 | D:8      | Noticed Psyche
  7148 | D:8      | Killed Psyche
  7262 | D:8      | Noticed Grum
  7268 | D:8      | Reached XP level 10. HP: 53/84 MP: 3/22
  7444 | D:6      | Killed Pikel
  7589 | D:7      | Bought a pair of spiked gloves for 237 gold pieces
  7599 | D:7      | Identified the +4 pair of gloves "Bast" {Stlth+} (You bought it in a shop on level 7 of the Dungeon)
  7614 | D:8      | Killed Grum
  7614 | D:8      | Reached skill level 1 in Axes
  7627 | D:8      | Reached skill level 2 in Axes
  7662 | D:8      | Found a white marble altar of Elyvilon.
  7684 | D:8      | Reached skill level 3 in Axes
  8087 | D:8      | Reached skill level 4 in Axes
  8100 | D:8      | Found an ancient bone altar of Kikubaaqudgha.
  8101 | D:8      | Found a stormy altar of Qazlal.
  8294 | D:3      | Paralysed by Grinder for 3 turns
  8312 | D:3      | Killed Grinder
  8550 | D:9      | Reached skill level 5 in Axes
  8730 | D:9      | Found a staircase to the Orcish Mines.
  8759 | D:10     | Entered Level 10 of the Dungeon
  8943 | D:10     | Found a staircase to the Lair.
  8948 | D:10     | Noticed an oklob plant
  9689 | D:9      | Noticed a two-headed ogre
  9962 | D:9      | Killed a two-headed ogre
 10041 | D:9      | Reached skill level 10 in Spellcasting
 10297 | D:9      | Reached XP level 11. HP: 86/91 MP: 13/25
 10578 | D:10     | Reached skill level 10 in Necromancy
 11255 | Orc:1    | Entered Level 1 of the Orcish Mines
 11255 | Orc:1    | Noticed an orc sorcerer
 11258 | Orc:1    | Killed an orc sorcerer
 11381 | D:11     | Found Byick's Weapon Shoppe.
 11382 | D:11     | Found Caddov's Jewellery Emporium.
 11407 | D:11     | Found a burning altar of Makhleb.
 11432 | D:11     | Reached skill level 6 in Axes
 12051 | D:11     | Noticed a deep elf mage
 12052 | D:11     | Noticed Urug
 12063 | D:11     | Killed a deep elf mage
 12144 | D:11     | Reached skill level 7 in Axes
 12327 | D:11     | Noticed a two-headed ogre
 12331 | D:11     | Noticed a death yak
 12429 | D:10     | Killed an unseen horror
 12599 | D:11     | HP: 4/91 [cyclops (21)]
 12631 | D:11     | Noticed a two-headed ogre
 12660 | D:11     | Killed a two-headed ogre
 12736 | D:11     | Killed a two-headed ogre
 14092 | Orc:1    | Noticed Josephine
 14358 | D:11     | Found Jiuvvoq's Weapon Emporium.
 14458 | D:11     | Found Sifajad's Armour Boutique.
 14935 | D:11     | Killed Urug
 14935 | D:11     | Reached XP level 12. HP: 96/99 MP: 12/26
 15312 | Lair:1   | Entered Level 1 of the Lair of Beasts
 15433 | Lair:1   | Reached skill level 5 in Armour
 15636 | Lair:1   | Found a labyrinth entrance.
 15641 | Lab      | Entered a labyrinth
 15865 | Lab      | Noticed a minotaur
 15868 | Lab      | Killed a minotaur
 15874 | Lab      | Got a pitted fustibalus
 15881 | Lab      | Got an ivory flail
 15883 | Lab      | Identified the +2 flail of Tender Mercy {flame, rF+ MR++ Dex+4} (You found it in a labyrinth)
 15885 | Lab      | Identified the +2 fustibalus of Cing {freeze, *Drain rN++} (You took it off a minotaur in a labyrinth)
 16896 | Lair:2   | Bought a fine helmet for 218 gold pieces
 16896 | Lair:2   | Bought a fine cloak for 218 gold pieces
 16906 | Lair:2   | Identified the +2 helmet "Vehusucene" {rPois rN++} (You bought it in a shop on level 2 of the Lair of Beasts)
 16916 | Lair:2   | Identified the +2 cloak of Elitism {rPois rCorr Int+4} (You bought it in a shop on level 2 of the Lair of Beasts)
 17208 | Orc:1    | Killed Josephine
 17635 | Orc:1    | Found a roughly hewn altar of Beogh.
 17863 | Orc:2    | Entered Level 2 of the Orcish Mines
 17958 | Orc:1    | Reached skill level 8 in Axes
 18022 | Orc:1    | Reached skill level 5 in Fighting
 18321 | Orc:2    | Found Asuinoah's Book Shoppe.
 18346 | Orc:2    | Found Qaankaqig's General Store.
 18459 | Orc:2    | Noticed an orc high priest
 18459 | Orc:2    | Noticed an orc warlord
 18611 | Orc:2    | Noticed an orc high priest
 18628 | Orc:1    | Reached XP level 13. HP: 88/109 MP: 14/27
 18954 | Orc:2    | Found Gapluserph's Antique Weapon Shop.
 19019 | Orc:2    | Noticed a fire giant
 19019 | Orc:2    | an orc warlord changed into a fire giant
 19026 | Orc:2    | Noticed an azure jelly
 19026 | Orc:2    | a fire giant changed into an azure jelly
 19104 | Orc:2    | Found a staircase to the Elven Halls.
 19430 | Orc:2    | Killed an azure jelly
 19430 | Orc:2    | Reached skill level 9 in Axes
 19557 | Orc:2    | Found Zunlix's Antique Armour Shop.
 20283 | Elf:1    | Entered Level 1 of the Elven Halls
 21928 | D:12     | Found Worusadi's General Store.
 22088 | D:12     | Reached skill level 10 in Axes
 22797 | D:13     | Reached skill level 15 in Necromancy
 23161 | D:13     | Got a translucent quarterstaff
 23162 | D:13     | Identified the +10 quarterstaff of Osidghi {chaos, *Slow rElec rC++ Stlth+} (You found it on level 13 of the Dungeon)
 23646 | D:13     | Reached skill level 11 in Axes
 23646 | D:13     | Gained mutation: You resist negative energy. (rN+) [Deep Dwarf growth]
 23646 | D:13     | Reached XP level 14. HP: 103/123 MP: 7/28
 23706 | D:13     | Found a roughly hewn altar of Beogh.
 23725 | D:13     | Learned a level 2 spell: Shroud of Golubria
 23728 | D:13     | Learned a level 2 spell: Blink
 23957 | D:13     | Reached skill level 1 in Charms
 24053 | D:14     | Reached skill level 1 in Translocations
 24438 | D:14     | Noticed Roxanne
 24617 | D:14     | Found a basalt altar of Yredelemnul.
 25645 | D:14     | HP: 5/123 [yaktaur/bolt (7)]
 26141 | D:13     | Reached skill level 12 in Axes
 26295 | D:14     | Found a gate to the Vaults.
 26542 | D:15     | Entered Level 15 of the Dungeon
 26686 | D:15     | Got a transparent hand axe
 26687 | D:15     | Identified the +8 hand axe of the Secret People {elec, rN+ Int+2} (You found it on level 15 of the Dungeon)
 26741 | D:15     | Reached skill level 13 in Axes
 27082 | D:15     | Reached skill level 14 in Axes
 27584 | D:15     | Found a staircase to the Depths.
 27637 | D:15     | Got a pair of polished boots
 27643 | D:15     | Identified the +2 pair of boots "Napy" {rPois Slay+3} (You found it on level 15 of the Dungeon)
 27690 | D:15     | Reached XP level 15. HP: 116/128 MP: 13/29
 28548 | Elf:1    | Noticed a deep elf sorcerer
 28556 | Elf:1    | Killed a deep elf sorcerer
 28594 | Elf:1    | Noticed a Brimstone Fiend
 29628 | Elf:2    | Got a pitted trident
 29633 | Elf:2    | Identified the cursed +1 trident of Pandemonium {freeze, +Fly rF+ Str+4 Int-4} (You found it on level 2 of the Elven Halls)
 29816 | Elf:2    | Found Peppul's Magic Scroll Boutique.
 29824 | Elf:2    | Bought a scroll of magic mapping for 59 gold pieces
 29847 | Elf:2    | Reached skill level 10 in Armour
 29961 | Elf:2    | Found a runed gate.
 29963 | Elf:2    | Found a runed gate.
 29966 | Elf:2    | Found a runed gate.
 30034 | Elf:2    | Noticed a deep elf sorcerer
 30037 | Elf:2    | Killed a deep elf sorcerer
 30210 | Elf:2    | Identified a scroll of acquirement
 30872 | Lair:3   | Noticed Gastronok
 30875 | Lair:3   | Learned a level 1 spell: Summon Butterflies
 31007 | Lair:3   | Killed Gastronok
 31082 | Lair:3   | Found a staircase to the Swamp.
 31197 | Swamp:1  | Entered Level 1 of the Swamp
 31214 | Swamp:1  | Noticed a thorn hunter
 31233 | Swamp:1  | Killed a thorn hunter
 31280 | Swamp:1  | Found an iron altar of Okawaru.
 31839 | Lair:2   | Bought a potion of degeneration for 15 gold pieces
 32053 | Swamp:1  | Reached skill level 15 in Axes
 32460 | Swamp:2  | Reached XP level 16. HP: 107/140 MP: 26/30
 32699 | Swamp:2  | Noticed Donald
 32716 | Swamp:2  | Killed Donald
 33214 | Swamp:3  | Got a faintly glowing quarterstaff
 33224 | Swamp:3  | Reached skill level 16 in Axes
 33230 | Swamp:3  | Identified the +7 quarterstaff "Caodixess" {crush, +Inv Int+7} (You found it on level 3 of the Swamp)
 33298 | Swamp:3  | Got a smoking shortbow
 33299 | Swamp:3  | Identified the cursed +3 shortbow of Uskayaw's Benevolence {velocity, rN+ Str-4 Dex+4} (You found it on level 3 of the Swamp)
 34099 | Swamp:4  | Entered Level 4 of the Swamp
 34500 | Swamp:4  | Reached skill level 17 in Axes
 34570 | Swamp:4  | Noticed a thorn hunter
 34622 | Swamp:4  | Killed a thorn hunter
 34909 | Swamp:4  | Reached skill level 18 in Axes
 35028 | Swamp:4  | Got a decaying rune of Zot
 35557 | Lair:2   | Bought a faintly glowing jade ring for 120 gold pieces
 35558 | Lair:2   | Identified the ring of Brilliance {rN+ Dex+4} (You bought it in a shop on level 2 of the Lair of Beasts)
 35729 | Vaults:1 | Entered Level 1 of the Vaults
 35746 | Vaults:1 | Noticed an Ice Fiend
 35964 | Vaults:1 | Reached skill level 19 in Axes
 35964 | Vaults:1 | Reached XP level 17. HP: 100/147 MP: 23/31
 36361 | Vaults:1 | Found a flickering gateway to a bazaar.
 36379 | Bazaar   | Entered a bazaar
 36387 | Bazaar   | Found Wather's Antique Armour Shop.
 36387 | Bazaar   | Found Kythro's Gadget Shop.
 36433 | Bazaar   | Bought a pair of warped boots for 266 gold pieces
 36445 | Bazaar   | Bought a wand of clouds (2/9) for 162 gold pieces
 36455 | Bazaar   | Identified the cursed +0 pair of boots of Too Many Cooks {rF++ Int+2} (You bought it in a shop in a bazaar)
 36666 | Vaults:1 | Reached skill level 20 in Axes
 37453 | Vaults:1 | Got a twisted dagger
 37454 | Vaults:1 | Identified the +1 dagger "Dragon's Tongue" {vamp, rPois rF+ Dex+3} (You found it on level 1 of the Vaults)
 37905 | Vaults:2 | Reached skill level 10 in Fighting
 38608 | Vaults:2 | Gained mutation: You passively map a large area around you. [Deep Dwarf growth]
 38608 | Vaults:2 | Reached XP level 18. HP: 105/162 MP: 3/32
 38643 | Vaults:2 | Noticed Xtahua
 38722 | Vaults:2 | Killed Xtahua
 39322 | Vaults:2 | Noticed Mennas
 39348 | Vaults:2 | Killed Mennas
 39426 | Vaults:2 | Got a pitted silver ring
 39428 | Vaults:2 | Identified the ring of Riegeqise {Wiz +Blink rF+ Stlth+} (You took it off a yaktaur on level 2 of the Vaults)
 39592 | Vaults:2 | Got a brightly glowing arbalest
 39593 | Vaults:2 | Identified the cursed +2 arbalest of the Everdark {flame, *Drain rPois rF+ Int+3} (You found it on level 2 of the Vaults)
 39792 | Vaults:3 | Found a staircase to the Crypt.
 40942 | Vaults:3 | Noticed Asterion
 40960 | Vaults:3 | Killed Asterion
 41576 | Lair:2   | Learned a level 2 spell: Swiftness
 42521 | Vaults:4 | Noticed Mara
 42575 | Vaults:4 | Noticed Boris
 42853 | Vaults:4 | Found Simuavec's Antique Armour Shoppe.
 42870 | Vaults:4 | Bought the +3 pair of gauntlets of War {Slay+5} for 902 gold pieces
 42995 | Vaults:4 | Reached XP level 19. HP: 158/176 MP: 31/34
 42999 | Vaults:4 | Found Jaizoimp's Jewellery Shoppe.
 43075 | Vaults:4 | Noticed Jory
 43086 | Vaults:4 | Killed Jory
 43191 | Vaults:4 | Found Osagok's Magic Scroll Boutique.
 43529 | Vaults:4 | Killed Boris
 43979 | Lair:4   | Found a staircase to the Snake Pit.
 44382 | Elf:3    | Entered Level 3 of the Elven Halls
 44925 | Elf:3    | Reached skill level 21 in Axes
 45081 | Elf:3    | Found Kerizobb's Weapon Emporium.
 45158 | Elf:3    | Noticed Louise
 45173 | Elf:3    | Killed Louise
 46916 | Lair:4   | Learned a level 5 spell: Silence
 46923 | Lair:4   | Learned a level 6 spell: Deflect Missiles
 47346 | Elf:3    | Reached skill level 22 in Axes
 47512 | Elf:3    | Got a crude cloak
 47557 | Elf:3    | Identified the +2 cloak of Immorality {rF+ rN+ Dex+4} (You found it on level 3 of the Elven Halls)
 47558 | Elf:3    | Got a twisted crystal plate armour
 47569 | Elf:3    | Identified the +0 crystal plate armour of Etaem {Str+4 Slay+2} (You found it on level 3 of the Elven Halls)
 47589 | Elf:3    | Identified the Guide on Good Luck and Earth
 47594 | Elf:3    | Learned a level 3 spell: Spectral Weapon
 47599 | Elf:3    | Learned a level 2 spell: Song of Slaying
 47607 | Elf:3    | Learned a level 3 spell: Mephitic Cloud
 47610 | Elf:3    | Learned a level 2 spell: Poisonous Vapours
 48203 | Elf:3    | Got a faintly glowing scale mail
 48214 | Elf:3    | Identified the +7 scale mail of Ziosets {rC+ Str+4 Int+3 SInv} (You took it off a deep elf master archer on level 3 of the Elven Halls)
 48722 | Crypt:1  | Entered Level 1 of the Crypt
 48824 | Crypt:1  | Reached XP level 20. HP: 64/187 MP: 35/35
 49931 | Vaults:4 | Found Ganon's Weapon Shoppe.
 50164 | Vaults:4 | Found Affeg's Magic Scroll Shoppe.
 50175 | Vaults:4 | Found a glowing silver altar of Zin.
 50269 | Vaults:5 | Entered Level 5 of the Vaults
 50344 | Vaults:5 | Reached skill level 15 in Armour
 50345 | Vaults:5 | Noticed a golden dragon
 50354 | Vaults:5 | Reached skill level 23 in Axes
 50363 | Vaults:5 | Killed a golden dragon
 50684 | Vaults:5 | Noticed an ancient lich
 50691 | Vaults:5 | Killed an ancient lich
 50691 | Vaults:5 | Reached XP level 21. HP: 186/194 MP: 36/36
 50741 | Vaults:5 | Got a silver rune of Zot
 50808 | Vaults:5 | Reached skill level 24 in Axes
 50930 | Vaults:5 | Found Viegra's Armour Emporium.
 51023 | Vaults:5 | Noticed a golden dragon
 51032 | Vaults:5 | Killed a golden dragon
 51076 | Vaults:5 | Reached skill level 1 in Hexes
 51769 | Vaults:5 | Noticed a golden dragon
 51770 | Vaults:5 | Noticed an ancient lich
 51784 | Vaults:5 | Killed an ancient lich
 51787 | Vaults:5 | Killed a golden dragon
 51787 | Vaults:5 | Reached skill level 25 in Axes
 51921 | Vaults:5 | Reached skill level 5 in Hexes
 52519 | Vaults:5 | Got a faintly humming scale mail
 52602 | Vaults:5 | Identified the cursed +1 scale mail of the Volcano {Dex+5} (You found it on level 5 of the Vaults)
 52650 | Vaults:4 | Gained mutation: You occasionally shout uncontrollably at your foes. [a shining eye]
 52879 | Lair:2   | Bought a pair of shimmering boots for 361 gold pieces
 52889 | Lair:2   | Identified the +1 pair of boots "Reskohur" {rN+ rCorr} (You bought it in a shop on level 2 of the Lair of Beasts)
 53217 | Crypt:1  | Reached XP level 22. HP: 182/202 MP: 37/37
 54133 | Crypt:2  | Reached skill level 26 in Axes
 54524 | Crypt:3  | Entered Level 3 of the Crypt
 55069 | Snake:1  | Entered Level 1 of the Snake Pit
 55142 | Snake:1  | Learned a level 5 spell: Dispel Undead
 55211 | Snake:1  | Noticed Frances
 55225 | Snake:1  | Killed Frances
 56404 | Crypt:3  | Reached skill level 1 in Air Magic
 58165 | Crypt:3  | Found an ancient bone altar of Kikubaaqudgha.
 58167 | Crypt:3  | Noticed an ancient lich
 58175 | Crypt:3  | Killed an ancient lich
 58175 | Crypt:3  | Reached skill level 5 in Air Magic
 58204 | Crypt:3  | Noticed an ancient lich
 58210 | Crypt:3  | Killed an ancient lich
 58236 | Crypt:3  | Identified the Almanac of Dusty Dislocation
 58251 | Crypt:3  | Noticed an ancient lich
 58259 | Crypt:3  | Killed an ancient lich
 58283 | Crypt:3  | Learned a level 3 spell: Ignite Poison
 58407 | Crypt:3  | Reached XP level 23. HP: 160/210 MP: 38/38
 58483 | Crypt:3  | Reached skill level 5 in Dodging
 58500 | Crypt:3  | Noticed an ancient lich
 58510 | Crypt:3  | Killed an ancient lich
 59763 | Crypt:3  | Found a staircase to the Tomb.
 59839 | Crypt:3  | Identified the Compendium of Cloudy Unholy Rites
 59894 | Crypt:3  | Got a faintly glowing lapis lazuli ring
 59897 | Crypt:3  | Identified the ring of Neurphuox {Ice rN+} (You found it on level 3 of the Crypt)
 60523 | Lair:6   | Entered Level 6 of the Lair of Beasts
 60728 | Lair:6   | Found a staircase to the Slime Pits.
 60752 | Slime:1  | Entered Level 1 of the Pits of Slime
 60838 | Slime:2  | Noticed Dissolution
 60848 | Slime:2  | Killed Dissolution
 61149 | Slime:5  | Entered Level 5 of the Pits of Slime
 61158 | Slime:5  | Gained mutation: Your magical capacity is low. (-10% MP) [a shining eye]
 61164 | Slime:5  | Reached skill level 10 in Dodging
 61164 | Slime:5  | Gained mutation: You are frail. (-10% HP) [a shining eye]
 61173 | Slime:5  | Gained mutation: Armour fits poorly on your strangely shaped body. [a shining eye]
 61281 | Slime:5  | Gained mutation: You are dopey. (Int -2) [a shining eye]
 61292 | Slime:5  | Gained mutation: Scrolls take you a little longer to read. [a shining eye]
 61480 | Slime:3  | Gained mutation: Your body sometimes deteriorates upon taking damage. [a shining eye]
 61482 | Slime:3  | Gained mutation: You are weak. (Str -2) [a shining eye]
 61491 | Slime:3  | Gained mutation: You are clumsy. (Dex -2) [a shining eye]
 61493 | Slime:3  | Gained mutation: Your magical capacity is very low. (-20% MP) [a shining eye]
 61680 | Lair:2   | Bought a potion of mutation for 120 gold pieces
 61680 | Lair:2   | Lost mutation: You are dopey. (Int -2) [potion of mutation]
 61680 | Lair:2   | Lost mutation: You are frail. (-10% HP) [potion of mutation]
 61680 | Lair:2   | Lost mutation: Your magical capacity is very low. (-20% MP) [potion of mutation]
 61680 | Lair:2   | Lost mutation: You are clumsy. (Dex -2) [potion of mutation]
 61680 | Lair:2   | Lost mutation: Armour fits poorly on your strangely shaped body. [potion of mutation]
 61680 | Lair:2   | Lost mutation: You are weak. (Str -2) [potion of mutation]
 61680 | Lair:2   | Gained mutation: You have sharp toenails. [potion of mutation]
 61680 | Lair:2   | Gained mutation: Your mind is acute. (Int +2) [potion of mutation]
 61876 | Slime:5  | Gained mutation: You sometimes yell uncontrollably at your foes. [a shining eye]
 61973 | Slime:5  | Found a viscous altar of Jiyva.
 62138 | Slime:5  | Noticed the Royal Jelly
 62195 | Slime:5  | Killed the Royal Jelly
 62195 | Slime:5  | Reached XP level 24. HP: 220/220 MP: 35/35
 62277 | Slime:5  | Got a slimy rune of Zot
 62343 | Slime:5  | Got a glittering granite ring
 62345 | Slime:5  | Identified the ring of the Dozen Deaths {+Blink Stlth-} (You found it on level 5 of the Pits of Slime)
 62385 | Slime:5  | Got a dazzling short sword
 62817 | Depths:1 | Entered Level 1 of the Depths
 63023 | Depths:1 | Found a basalt altar of Yredelemnul.
 63281 | Depths:1 | Found a one-way gate to the infinite horrors of the Abyss.
 63349 | Depths:1 | Reached skill level 5 in Charms
 63570 | Depths:1 | Found a gateway to Hell.
 63579 | Hell     | Entered the Vestibule of Hell
 63579 | Hell     | Noticed Geryon
 63936 | Depths:2 | Found a gateway to a ziggurat.
 64218 | Depths:2 | Reached skill level 15 in Fighting
 64468 | Depths:2 | Found Votwagao's Assorted Antiques.
 65157 | Depths:2 | Found a runed door.
 65377 | Depths:2 | Found a runed door.
 65382 | Depths:2 | Paralysed by a floating eye for 2 turns
 65656 | Hell     | Reached XP level 25. HP: 166/235 MP: 36/36
 66034 | Depths:3 | Found a magical portal.
 66065 | WizLab   | Entered Cigotuvi's Fleshworks
 66244 | WizLab   | Paralysed by a floating eye for 3 turns
 66315 | WizLab   | Got a flickering wooden ring
 66658 | WizLab   | Identified Cigotuvi's Tome of Transformation and Black Arts
 66660 | WizLab   | Identified the Collected Works on Shape Shifting
 66823 | Depths:3 | Identified the ring "Rerhyqatri" {rC+ MP+9 Str-3 Int+3 SInv} (You found it in a wizard's laboratory)
 66914 | Hell     | Killed Geryon
 67018 | Hell     | Found a gateway to the ashen valley of Gehenna.
 67093 | Hell     | Found a gateway to the decaying netherworld of Tartarus.
 67184 | Hell     | Found a gateway to the freezing wastes of Cocytus.
 67230 | Hell     | Found a gateway to the Iron City of Dis.
 67440 | Depths:3 | Noticed a juggernaut
 67446 | Depths:3 | Killed a juggernaut
 67547 | Depths:3 | Reached skill level 10 in Air Magic
 67968 | Depths:3 | Found a sparkling altar of Nemelex Xobeh.
 68066 | Depths:3 | Found a one-way gate leading to the halls of Pandemonium.
 68751 | Hell     | Got a faintly glowing crystal plate armour
 68762 | Hell     | Identified the +8 crystal plate armour of the Hanged Man {*Corrode rElec rC+ rN+} (You acquired it in the Vestibule of Hell)
 69114 | Crypt:3  | Identified Bibihuci's Almanac of Sinister Secrets
 69296 | Tomb:1   | Entered Level 1 of the Tomb of the Ancients
 69430 | Tomb:1   | Reached XP level 26. HP: 245/245 MP: 36/36
 69716 | Tomb:1   | Noticed a greater mummy
 69730 | Tomb:1   | Noticed a greater mummy
 69733 | Tomb:1   | Killed a greater mummy
 69734 | Tomb:1   | Noticed a greater mummy
 69756 | Tomb:1   | Killed a greater mummy
 69764 | Tomb:1   | Killed a greater mummy
 71646 | Tomb:2   | Noticed a greater mummy
 71646 | Tomb:2   | Noticed a greater mummy
 71659 | Tomb:2   | Killed a greater mummy
 72040 | Vaults:4 | Gained mutation: Your magical capacity is very low. (-20% MP) [a shining eye]
 72054 | Vaults:4 | Lost mutation: You have sharp toenails. [potion of mutation]
 72054 | Vaults:4 | Lost mutation: Your magical capacity is very low. (-20% MP) [potion of mutation]
 72054 | Vaults:4 | Lost mutation: Scrolls take you a little longer to read. [potion of mutation]
 72054 | Vaults:4 | Lost mutation: Your body sometimes deteriorates upon taking damage. [potion of mutation]
 72054 | Vaults:4 | Lost mutation: Your magical capacity is low. (-10% MP) [potion of mutation]
 72054 | Vaults:4 | Gained mutation: You have a beak for a mouth. [potion of mutation]
 72096 | Vaults:4 | Found Ganon's Weapon Shoppe.
 72236 | Vaults:4 | Found Osagok's Magic Scroll Boutique.
 72288 | Vaults:4 | Found Affeg's Magic Scroll Shoppe.
 72297 | Vaults:4 | Found a glowing silver altar of Zin.
 72301 | Vaults:4 | Found Jaizoimp's Jewellery Shoppe.
 72615 | Vaults:4 | Found Simuavec's Antique Armour Shoppe.
 73115 | Tomb:2   | Noticed a greater mummy
 73115 | Tomb:2   | Noticed a greater mummy
 73135 | Tomb:2   | Killed a greater mummy
 73135 | Tomb:2   | Reached skill level 15 in Spellcasting
 74945 | Tomb:2   | Killed a greater mummy
 74986 | Tomb:2   | Killed a greater mummy
 77036 | Tomb:1   | Noticed a greater mummy
 77061 | Tomb:1   | Killed a greater mummy
 77090 | Tomb:1   | Noticed a greater mummy
 77101 | Tomb:1   | Noticed a greater mummy
 77102 | Tomb:1   | Killed a greater mummy
 77104 | Tomb:1   | Noticed a greater mummy
 77116 | Tomb:1   | Killed a greater mummy
 77117 | Tomb:1   | Killed a greater mummy
 77117 | Tomb:1   | Reached XP level 27. HP: 44/253 MP: 43/43
 77132 | Tomb:1   | Noticed a greater mummy
 77149 | Tomb:1   | Killed a greater mummy
 78618 | Lair:6   | Found a glowing silver altar of Zin.
 78817 | Lair:2   | Bought a royal jelly for 30 gold pieces
 79418 | Tomb:1   | Noticed a greater mummy
 79429 | Tomb:1   | Killed a greater mummy
 79439 | Tomb:1   | Noticed a greater mummy
 79450 | Tomb:1   | Killed a greater mummy
 79497 | Tomb:1   | Noticed a greater mummy
 79502 | Tomb:1   | Noticed a greater mummy
 79507 | Tomb:1   | Noticed a greater mummy
 79508 | Tomb:1   | Noticed a greater mummy
 79511 | Tomb:1   | Noticed a greater mummy
 79513 | Tomb:1   | Killed a greater mummy
 79523 | Tomb:1   | Killed a greater mummy
 79530 | Tomb:1   | Killed a greater mummy
 79531 | Tomb:1   | Killed a greater mummy
 79533 | Tomb:1   | Noticed a greater mummy
 79536 | Tomb:1   | Noticed a greater mummy
 79547 | Tomb:1   | Killed a greater mummy
 79560 | Tomb:1   | Killed a greater mummy
 79564 | Tomb:1   | Killed a greater mummy
 80584 | Lair:2   | Bought a meat ration for 75 gold pieces
 81238 | Tomb:1   | Noticed a greater mummy
 81252 | Tomb:1   | Killed a greater mummy
 81252 | Tomb:1   | Reached skill level 1 in Transmutations
 81252 | Tomb:1   | Reached skill level 1 in Poison Magic
 81292 | Tomb:1   | Noticed a greater mummy
 81300 | Tomb:1   | Killed a greater mummy
 81318 | Tomb:1   | Noticed a greater mummy
 81353 | Tomb:1   | Killed a greater mummy
 81438 | Tomb:1   | Noticed a greater mummy
 81449 | Tomb:1   | Killed a greater mummy
 81494 | Tomb:1   | Noticed a greater mummy
 81516 | Tomb:1   | Killed a greater mummy
 81564 | Tomb:1   | Noticed a greater mummy
 81565 | Tomb:1   | Noticed a greater mummy
 81574 | Tomb:1   | Killed a greater mummy
 81574 | Tomb:1   | Reached skill level 5 in Transmutations
 81579 | Tomb:1   | Killed a greater mummy
 81719 | Tomb:1   | Noticed a greater mummy
 81729 | Tomb:1   | Killed a greater mummy
 81788 | Tomb:1   | Noticed a greater mummy
 81801 | Tomb:1   | Killed a greater mummy
 81849 | Tomb:1   | Noticed a greater mummy
 81901 | Tomb:1   | Killed a greater mummy
 82708 | Depths:4 | Noticed an ancient lich
 82729 | Depths:4 | Killed an ancient lich
 82729 | Depths:4 | Reached skill level 10 in Transmutations
 83324 | Depths:4 | Noticed an ancient lich
 83348 | Depths:4 | Killed an ancient lich
 83397 | Depths:4 | Identified the Tome of the Wumpus
 83942 | Lair:2   | Bought the amulet of the Death Scarab {Reflect Fragile Int+4 Dex+10 SH+5 Stlth+} for 1496 gold pieces
 85331 | Depths:5 | Entered Level 5 of the Depths
 85365 | Geh:1    | Entered Level 1 of Gehenna
 85944 | Geh:3    | Reached skill level 15 in Dodging
 86601 | Depths:5 | Found a gate to the Realm of Zot.
 87072 | D:14     | Bought a meat ration for 70 gold pieces
 87072 | D:14     | Bought a bread ration for 70 gold pieces
 87127 | D:12     | Bought a bread ration for 85 gold pieces
 87797 | Tomb:3   | Entered Level 3 of the Tomb of the Ancients
 88483 | Depths:5 | Found Uqasur Ynnu's Jewellery Boutique.
 88673 | Depths:5 | Noticed a juggernaut
 88684 | Depths:5 | Killed a juggernaut
 88926 | Zot:1    | Entered Level 1 of the Realm of Zot
 89513 | Crypt:1  | Lost mutation: You sometimes yell uncontrollably at your foes. [potion of mutation]
 89513 | Crypt:1  | Lost mutation: You occasionally shout uncontrollably at your foes. [potion of mutation]
 89513 | Crypt:1  | Lost mutation: You have a beak for a mouth. [potion of mutation]
 89513 | Crypt:1  | Lost mutation: Your mind is acute. (Int +2) [potion of mutation]
 89513 | Crypt:1  | Gained mutation: Your muscles are strong. (Str +2) [potion of mutation]
 89513 | Crypt:1  | Gained mutation: You are partially covered in rugged brown scales. (AC +1, +3% HP) [potion of mutation]
 90100 | Tomb:3   | Noticed a greater mummy
 90100 | Tomb:3   | Noticed an ancient lich
 90100 | Tomb:3   | Noticed an ancient lich
 90100 | Tomb:3   | Noticed a greater mummy
 90100 | Tomb:3   | Noticed a greater mummy
 90108 | Tomb:3   | HP: 4/280 [ancient lich/poison arrow (16)]
 90124 | Tomb:3   | Killed an ancient lich
 90126 | Tomb:3   | Killed an ancient lich
 90132 | Tomb:3   | HP: 5/280 [mummy priest's death curse (13)]
 90133 | Tomb:3   | Killed from afar by a smoke demon

Skill      XL: |  1  2  3  4  5  6  7  8  9 10 11 12 13 14 15 16 17 18 19 20 21 22 23 24 25 26 27 |
---------------+----------------------------------------------------------------------------------+-----
Spellcasting   | 2 3 4 6 8 10 11 12 13 16 | 16.8
Necromancy     | 5 6 8 9 12 14 15 16 17 | 17.0
Armour         | 2 4 8 9 12 13 14 16 17 18 20 21 | 21.6
Conjurations   | 2 3 |  3.0
Fire Magic     | 2 |  2.2
Fighting       | 1 3 5 7 8 10 12 13 15 16 20 | 20.9
Evocations     | 6 |  6.5
Axes           | 5 7 8 11 14 15 19 20 22 23 25 26 | 26.6
Dodging        | 4 12 13 16 | 16.3
Charms         | 4 7 8 |  8.1
Translocations | 3 |  3.1
Hexes          | 5 |  5.2
Air Magic      | 6 11 | 11.6
Transmutations | 10 | 10.8
Poison Magic   | 2 |  2.7
Stealth        | |  2.4

Action                   |  1- 3 |  4- 6 |  7- 9 | 10-12 | 13-15 | 16-18 | 19-21 | 22-24 | 25-27 || total
-------------------------+-------+-------+-------+-------+-------+-------+-------+-------+-------++-------
Melee: Dagger            |    17 |    49 |       |       |       |       |       |       |       ||    66
       Flail             |       |    18 |   119 |   268 |   514 |     2 |       |       |       ||   921
       Rapier            |       |       |   135 |     7 |       |       |       |       |       ||   142
       Spear             |       |       |     4 |       |       |       |       |       |       ||     4
       Whip              |       |       |       |   367 |       |       |       |       |       ||   367
       Hand axe          |       |       |       |       |   721 |   682 |       |       |       ||  1403
       Battleaxe         |       |       |       |       |       |   332 |   130 |       |       ||   462
       Trishula          |       |       |       |       |       |     3 |       |       |       ||     3
       Executioner's axe |       |       |       |       |       |       |   787 |  1460 |  2430 ||  4677
       Peck              |       |       |       |       |       |       |       |       |   514 ||   514
 Fire: Blowgun           |       |     7 |       |       |       |       |       |       |       ||     7
       Arbalest          |       |       |       |       |     3 |       |       |       |       ||     3
Throw: Javelin           |       |       |       |     1 |    14 |       |       |       |       ||    15
       Throwing net      |       |       |       |       |       |       |     1 |       |       ||     1
 Cast: Pain              |    30 |    52 |   106 |    87 |    10 |       |       |       |       ||   285
       Vampiric Draining |     8 |    18 |    70 |   306 |   454 |   547 |    93 |       |       ||  1496
       Flame Tongue      |       |       |    24 |    52 |     8 |     4 |       |       |       ||    88
       Conjure Flame     |       |       |     8 |    32 |    81 |    44 |    10 |     8 |     2 ||   185
       Blink             |       |       |       |       |     5 |    27 |     4 |    52 |    24 ||   112
       Shroud of Golubri |       |       |       |       |     3 |     2 |     1 |     1 |       ||     7
       Song of Slaying   |       |       |       |       |       |       |     1 |    11 |    16 ||    28
       Spectral Weapon   |       |       |       |       |       |       |     1 |       |       ||     1
       Silence           |       |       |       |       |       |       |       |     5 |    30 ||    35
       Mephitic Cloud    |       |       |       |       |       |       |       |       |     2 ||     2
       Deflect Missiles  |       |       |       |       |       |       |       |       |     1 ||     1
Invok: Call Merchant     |       |       |       |     3 |     4 |     2 |     2 |     3 |     4 ||    18
Evoke: Wand              |       |       |     1 |    50 |    22 |    20 |     2 |     8 |     2 ||   105
       Phial of floods   |       |       |       |       |       |     1 |       |       |       ||     1
       Lightning rod     |       |       |       |       |       |       |     4 |       |       ||     4
       Lamp of fire      |       |       |       |       |       |       |       |     1 |     1 ||     2
  Use: Scroll            |       |       |     5 |    16 |    13 |    16 |    14 |     9 |    11 ||    84
       Potion            |       |       |       |     3 |     1 |     5 |     2 |     7 |    32 ||    50
 Stab: Distracted        |       |       |     2 |     1 |     6 |     8 |    12 |    10 |    33 ||    72
       Sleeping          |       |       |       |     4 |       |       |       |       |       ||     4
       Held in net/web   |       |       |       |       |       |       |     3 |       |       ||     3
       Paralysed         |       |       |       |       |       |       |       |     2 |       ||     2
  Eat: Chunk             |     1 |     6 |     9 |       |       |       |       |       |       ||    16
       Royal jelly       |       |       |     3 |     6 |     1 |     3 |     3 |     4 |     6 ||    26
       Meat ration       |       |       |     1 |     5 |     5 |     2 |       |     1 |     7 ||    21
       Bread ration      |       |       |       |       |     4 |     5 |     8 |     7 |     7 ||    31
       Fruit             |       |       |       |       |     1 |     4 |     1 |       |    16 ||    22
Armor: Robe              |     9 |       |       |       |       |       |       |       |       ||     9
       Ring mail         |     2 |    33 |   149 |   174 |       |       |       |       |       ||   358
       Scale mail        |       |       |       |   150 |       |       |       |    90 |       ||   240
       Storm dragon scal |       |       |       |   239 |  1155 |  1033 |   234 |       |       ||  2661
       Plate armour      |       |       |       |    18 |       |       |       |       |       ||    18
       Crystal plate arm |       |       |       |       |       |       |   513 |   881 |  1518 ||  2912
Dodge: Dodged            |    24 |    39 |   201 |   440 |   697 |   638 |   241 |   585 |  1151 ||  4016
       Deflected         |       |       |       |       |       |       |       |       |    21 ||    21
Block: Large shield      |       |       |       |    42 |       |       |       |       |       ||    42
       Other             |       |       |       |       |       |       |   129 |   284 |   444 ||   857
       Reflection        |       |       |       |       |       |       |    10 |     7 |    16 ||    33
